 Dungeon Crawl Stone Soup version 0.26.1-2-gb8aa6d0cf2 (webtiles) character file.

Game seed: 15533317019809467533

93 Gadfly the Gusty (level 4, 0/25 HPs)
             Began as a Tengu Air Elementalist on Feb 18, 2021.
             Killed by divine providence
             ... invoked by an orc priest
              (12 damage)
             ... on level 3 of the Dungeon.
             The game lasted 00:06:01 (2648 turns).

Gadfly the Gusty (Tengu Air Elementalist)           Turns: 2648, Time: 00:06:01

Health: 0/25       AC:  7    Str:  8    XL:     4   Next: 61%
Magic:  6/8        EV: 13    Int: 16    God:
Gold:   142        SH:  0    Dex: 15    Spells: 2/8 levels left

rFire    . . .     SeeInvis .   a - staff of air
rCold    . . .     Faith    .   (no shield)
rNeg     . . .     Spirit   .   m - +1 robe
rPois    .         Reflect  .   (helmet restricted)
rElec    +         Harm     .   (no cloak)
rCorr    .         Rampage  .   (no gloves)
Will     .....                  (boots unavailable)
Stlth    +.........             i - amulet of magic regeneration
HPRegen  0.08/turn              k - +4 ring of protection
MPRegen  0.36/turn              g - ring of attention (curse)

@: no status effects
A: beak, talons 3
a: no special abilities


You were on level 3 of the Dungeon.
You visited 1 branch of the dungeon, and saw 3 of its levels.

You collected 142 gold pieces.

Inventory:

Hand Weapons
 e - a +1 dagger
Armour
 m - a +1 robe (worn)
Magical Staves
 a - an uncursed staff of air (weapon)
Jewellery
 d - an uncursed ring of willpower
 g - a cursed ring of attention (right hand)
 i - an amulet of magic regeneration (around neck)
 k - a +4 ring of protection (left hand)
Scrolls
 h - 2 scrolls of teleportation
 j - 2 scrolls of enchant weapon
Potions
 b - 2 potions of lignification
 c - 2 potions of heal wounds {unknown}
 f - a potion of magic
 l - a potion of flight {unknown}


   Skills:
 + Level 1.0 Fighting
 * Level 2.8 Dodging
 - Level 2.0 Stealth
 * Level 2.5 Spellcasting
 * Level 2.3 Conjurations
 * Level 1.8 Summonings
 + Level 4.3 Air Magic
 * Level 1.4 Evocations


You had 2 spell levels left.
You knew the following spells:

 Your Spells              Type           Power        Failure   Level
a - Shock                 Conj/Air       76%          4%          1
b - Swiftness             Air            23%          4%          2
c - Static Discharge      Conj/Air       19%          16%         3

Your spell library contained the following spells:

 Spells                   Type           Power        Failure   Level
 Airstrike                Air            11%          32%         4
 Lightning Bolt           Conj/Air       9%           80%         5


Dungeon Overview and Level Annotations

Branches:
Dungeon (3/15)

Altars:
Makhleb
Vehumet


Innate Abilities, Weirdness & Mutations

You have a beak for a mouth.
You have claws for feet.


Message History

Found a scroll of fog.
Things that are here:
a +0 club; a hobgoblin corpse You hit the worm.
Your kick misses the worm.
The worm is heavily wounded.
The orc barely misses you. The worm closely misses you.
You hit the worm but do no damage. You claw the worm.
You peck the worm, but do no damage.
The worm is severely wounded.
The orc closely misses you.
You hit the worm. You claw the worm.
You kill the worm!
The orc closely misses you.
You hit the orc priest. You claw the orc priest.
The orc priest is severely wounded.
The orc priest closely misses you. The orc hits you with a +0 club.
Unknown command.
The orc priest calls down the wrath of Beogh upon you.
Beogh smites you!
You die...

.............[#
.............## ######
......†...#..# ?..#..
..##.....##..# ......
...#.....##.## #......
.#..........# .......
##..#.......#####
.......
##.#..###......##.......
....# #..###.@)oo.....
#...# #..# ####o......
.#. #... ....... ..#.
#...... #.# #. #..... ..
. ..... .## .. .... ....


You could see an orc priest and 2 orcs.

Vanquished Creatures
  2 adders
  An ooze (D:1)
  2 worms
  A dart slug (D:1)
  A leopard gecko (D:2)
  A ball python (D:1)
  7 bats
  7 giant cockroaches
  8 goblins
  6 hobgoblins
  7 jackals (D:1)
  3 frilled lizards
  4 kobolds
  7 rats
57 creatures vanquished.

Notes
Turn   | Place    | Note
-------+----------+-------------------------------------------
     0 | D:1      | Gadfly the Tengu Air Elementalist began the quest for the
                  | Orb.
     0 | D:1      | Reached XP level 1. HP: 10/10 MP: 4/4
   204 | D:1      | Reached XP level 2. HP: 15/15 MP: 4/6
   207 | D:1      | Learned a level 2 spell: Swiftness
   504 | D:1      | Reached skill level 1 in Summonings
   544 | D:1      | Reached XP level 3. HP: 20/20 MP: 3/7
   554 | D:1      | Reached skill level 1 in Evocations
  1412 | D:1      | Learned a level 3 spell: Static Discharge
  1737 | D:2      | Reached XP level 4. HP: 23/24 MP: 3/8
  2482 | D:3      | Found a radiant altar of Vehumet.
  2508 | D:3      | Found a burning altar of Makhleb.
  2550 | D:3      | Reached skill level 1 in Fighting
  2648 | D:3      | Killed from afar by an orc priest

Illustrated notes

Levels and vault maps discovered:
D:1:      eino_arrival_water_star, layout_loops_ring, minmay_pentomino_u2
D:2:      layout_loops_ring
D:3:      layout_rooms, marbit_many_paths, nicolae_overflow_hidden_temple,
          chequers_mini_garden

Skill      XL: |  1  2  3  4 |
---------------+-------------+-----
Summonings     | 1 |  1.8
Evocations     | 1 |  1.4
Conjurations   | 2 |  2.3
Fighting       | 1 |  1.0
Dodging        | |  2.8
Stealth        | |  2.0
Spellcasting   | |  2.5
Air Magic      | |  4.3

Action                   |  1- 3 |  4- 6 || total
-------------------------+-------+-------++-------
Melee: Dagger            |    72 |    35 ||   107
       Kick              |    15 |     8 ||    23
       Peck              |     6 |     6 ||    12
       Staff             |       |     7 ||     7
 Cast: Shock             |    53 |    22 ||    75
  Use: Scroll            |     6 |     2 ||     8
       Potion            |     1 |       ||     1
Armor: Robe              |    11 |    13 ||    24
Dodge: Dodged            |    56 |    43 ||    99
